 Dungeon Crawl Stone Soup version 0.22-a0-580-gd5db89c09a (webtiles) character file.

36313 RedPan the Nimble (level 13, 0/104 HPs)
             Began as a Barachi Ice Elementalist on July 3, 2018.
             Was a High Priest of Vehumet.
             Shot with an arrow by a centaur (12 damage)
             ... on level 11 of the Dungeon.
             The game lasted 01:51:45 (25749 turns).

RedPan the Nimble (Barachi Ice Elementalist)       Turns: 25749, Time: 01:51:45

Health: 0/104      AC: 11    Str: 14    XL:     13   Next: 89%
Magic:  23/27      EV: 20    Int: 21    God:    Vehumet [*****.]
Gold:   1290       SH: 10    Dex: 17    Spells: 10/32 levels left

rFire    + + .     SeeInvis +   L - +6 falchion of Laceration {slice, rF+ Dex+3 Stlth+}
rCold    . . .     Gourm    .   l - +3 buckler
rNeg     + . .     Faith    .   F - +1 robe "Ynne" {rF+ rC+ Str+4}
rPois    +         Spirit   .   D - +2 helmet of Freedom {rPois rC- Int+2}
rElec    .         Reflect  .   y - +0 cloak
rCorr    .         Harm     .   h - +0 pair of gloves
MR       .....                  q - +2 pair of boots
Stlth    +++.......             (no amulet)
HPRegen  0.27/turn              j - ring of positive energy
MPRegen  0.20/turn              n - ring of see invisible

@: can't hop, slow
A: +LOS, swims, slowness 1, strong legs 2
a: Hop, Renounce Religion


You were on level 11 of the Dungeon.
You worshipped Vehumet.
Vehumet was extremely pleased with you.
You were not hungry.

You visited 3 branches of the dungeon, and saw 18 of its levels.

You collected 1290 gold pieces.

Inventory:

Hand Weapons
 p - a +3 whip of electrocution
 L - the +6 falchion of Laceration (weapon) {slice, rF+ Dex+3 Stlth+}
   (You found it on level 3 of the Lair of Beasts)

   It inflicts extra damage upon your enemies.
   It affects your dexterity (+3).
   It protects you from fire.
   It makes you more stealthy.
 Q - the +8 long sword of Sharkskin {holy, *Rage +Rage Str+3}
   (You found it on level 3 of the Lair of Beasts)

   It has been blessed by the Shining One to cause great damage to the undead
   and demons.
   It affects your strength (+3).
   It lets you go berserk.
   It may make you go berserk in combat.
Armour
 h - a +0 pair of gloves (worn)
 l - a +3 buckler (worn)
 q - a +2 pair of boots (worn)
 y - a +0 cloak (worn)
 D - the +2 helmet of Freedom (worn) {rPois rC- Int+2}
   (You acquired it on level 4 of the Lair of Beasts)

   It affects your intelligence (+2).
   It makes you vulnerable to cold.
   It protects you from poison.
 E - a +2 hat of intelligence
 F - the +1 robe "Ynne" (worn) {rF+ rC+ Str+4}
   (You found it on level 6 of the Dungeon)

   It affects your strength (+4).
   It protects you from fire.
   It protects you from cold.
 O - a +0 robe of cold resistance
Jewellery
 b - a +3 ring of strength
 j - a ring of positive energy (left hand)
 n - a ring of see invisible (right hand)
 r - an uncursed ring of wizardry
 t - an uncursed ring of stealth
 S - an uncursed ring of protection from fire {unknown}
Wands
 a - a wand of acid (17)
 w - a wand of digging (15)
 I - a wand of flame (23)
 K - a wand of polymorph (16)
 M - a wand of scattershot (6)
Scrolls
 g - 3 scrolls of enchant weapon
 i - 2 scrolls of enchant armour
 s - 2 scrolls of magic mapping
 u - a scroll of fear
 z - 4 scrolls of teleportation
 C - 4 scrolls of fog
 G - 3 scrolls of remove curse
 N - a scroll of amnesia
 R - a scroll of identify
Potions
 d - 4 potions of lignification
 e - 4 potions of resistance
 f - 3 potions of agility
 k - 4 potions of mutation
 m - a potion of heal wounds
 v - 3 potions of curing
 x - 2 potions of berserk rage
 A - 7 potions of flight
 B - 5 potions of haste
 H - 2 potions of invisibility
 J - 3 potions of might
 P - a potion of brilliance
Comestibles
 c - 19 rations
 o - 8 chunks of flesh


   Skills:
 + Level 10.5 Fighting
 - Level 10.0 Long Blades
 - Level 2.0 Maces & Flails
 + Level 11.0 Dodging
 - Level 1.7 Stealth
 * Level 9.1 Shields
 + Level 10.1 Spellcasting
 - Level 8.0 Conjurations
 - Level 3.1 Charms
 - Level 4.0 Summonings
 - Level 10.0 Ice Magic
 + Level 3.3 Air Magic


You had 10 spell levels left.
You knew the following spells:

 Your Spells              Type           Power        Failure   Level  Hunger
a - Freeze                Ice            ####         1%          1    None
b - Throw Frost           Conj/Ice       #####.       1%          2    None
c - Ozocubu's Armour      Chrm/Ice       #####...     1%          3    None
d - Throw Icicle          Conj/Ice       #####...     1%          4    ##.....
e - Summon Ice Beast      Ice/Summ       #####...     3%          4    ##.....
f - Passwall              Tmut/Erth      ##......     10%         2    None
g - Swiftness             Chrm/Air       ###.....     2%          2    None
h - Airstrike             Air            ###.......   4%          4    ##.....

Your spell library contained the following spells:

 Spells                   Type           Power        Failure   Level  Hunger
 Cause Fear               Hex            ##........   54%         4    ##.....
 Magic Dart               Conj           ####         1%          1    None
 Apportation              Tloc           ##....       6%          1    None
 Conjure Flame            Conj/Fire      ####....     1%          3    None
 Lightning Bolt           Conj/Air       ####......   4%          5    ####...
 Slow                     Hex            ##......     10%         2    None
 Throw Flame              Conj/Fire      ####..       1%          2    None
 Ring of Flames           Chrm/Fire      ###.......   100%        7    #######
 Olgreb's Toxic Radiance  Pois           ##......     17%         4    ##.....
 Summon Small Mammal      Summ           ####         1%          1    None
 Iskenderun's Mystic Bla  Conj           #####...     1%          4    ##.....
 Animate Skeleton         Necr           N/A          6%          1    None
 Stone Arrow              Conj/Erth      ####..       1%          3    None
 Shock                    Conj/Air       ####         1%          1    None
 Spider Form              Tmut/Pois      ##........   19%         3    None
 Blade Hands              Tmut           ##........   87%         5    ####...
 Ice Form                 Ice/Tmut       ####....     9%          4    ##.....
 Confusing Touch          Hex            ##....       6%          1    None
 Sticks to Snakes         Tmut           ##......     10%         2    None
 Static Discharge         Conj/Air       ####....     1%          3    None
 Corona                   Hex            ##.....      6%          1    None
 Lee's Rapid Deconstruct  Erth           ##........   41%         5    ####...
 Sandblast                Erth           ##....       1%          1    None
 Portal Projectile        Hex/Tloc       ##....       19%         3    None
 Petrify                  Tmut/Erth      ##......     54%         4    ##.....
 Leda's Liquefaction      Hex/Erth       ##........   54%         4    ##.....
 Inner Flame              Hex/Fire       ##......     5%          3    None
 Beastly Appendage        Tmut           ##....       6%          1    None
 Fulminant Prism          Conj/Hex       ####......   3%          4    ##.....
 Dazzling Spray           Conj/Hex       ####..       1%          3    None
 Force Lance              Conj/Tloc      ####....     3%          4    ##.....
 Searing Ray              Conj           #####.       1%          2    None
 Poisonous Vapours        Pois/Air       ###...       4%          2    None


Dungeon Overview and Level Annotations

Branches:
Dungeon (11/15)            Temple (1/1) D:6            Lair (6/6) D:10
  Swamp (0/4) Lair:3        Snake (0/4) Lair:2          Orc (0/2) D:11
  Slime: Lair:5-6

Altars:
Ashenzari
Cheibriados
Dithmenos
Elyvilon
Fedhas
Gozag
Hepliaklqana
Kikubaaqudgha
Makhleb
Nemelex Xobeh
Okawaru
Qazlal
Ru
Sif Muna
Trog
Uskayaw
Vehumet
Wu Jian
Xom
Yredelemnul
Zin
The Shining One
Jiyva
Lugonu

Annotations:
D:2 exclusion: downstairs
D:9 exclusion: obsidian statue
Lair:1 1 runed door, afd's ghost, journeyman GrEE
Lair:5 1 runed door, Nessos


Innate Abilities, Weirdness & Mutations

Shadows flee at your approach. (+LOS)
You can swim through water.
You cover ground slowly.
You can hop long distances.


Message History

You see here 2 arrows.
Hop to where?
Press: ? - help, Dir - move target cursor Boing!
Unknown command.
Okay, then.
Casting: Summon Ice Beast (safe; 3% risk of failure)
Confirm with . or Enter, or press ? or * to list all spells.
Okay, then.
Your ice beast barely misses the acid dragon.
The centaur shoots an arrow.
The arrow hits you!
* * * LOW HITPOINT WARNING * * *
You see here an arrow.
The centaur shoots an arrow.
The arrow hits you but does no damage.
The unseen horror barely misses your ice beast.
The centaur shoots an arrow.
You block the arrow.
You see here 2 arrows.
An arrow appears from out of your range of vision.
The arrow hits your ice beast!
The centaur shoots an arrow.
The arrow hits you!
You die...

#.# #.#.# #.# #.#.# #.#
#########.#.#.# #.#
..............# ##########.#
.########.#.###
..........(######.#.....†(.#...
......#....(....#.#.######.###.#
.....#.)(.........#......).# .#
#.....).###..((@.########.# #
#.........#.......# #.#
#..#...#..#..#.Y..# #.# ##
#...#######D...##### #.# #...
#..#§........ ... .....
#..5Y.....### ### #.....
##.†[.....>..
...###...5).###..c..## ....
#.......x ..c...#


You could see an acid dragon, 2 centaurs, a crimson imp and 2 friendly ice
beasts.

Vanquished Creatures
  2 entropy weavers
  2 two-headed ogres (D:11)
  A centaur warrior (D:11)
  An ogre mage (D:10)
  3 unseen horrors (D:10)
  A cyclops (D:10)
  A black mamba (shapeshifter) (D:11)
  5 spiny frogs
  2 rime drakes
  2 trolls
  8 komodo dragons
  3 polar bears (Lair:6)
  3 blink frogs
  A hippogriff (Lair:5)
  A hornet (Lair:6)
  Grinder (D:3)
  A dream sheep (Lair:5)
  2 yaks
  A wraith (D:10)
  10 spriggans
  3 wyverns (D:11)
  3 fire bats (D:9)
  A hungry ghost (D:8)
  A human (D:3)
  2 hell hounds (D:10)
  A swamp worm (Lair:3)
  3 water moccasins
  15 soldier ants
  An acid dragon (D:10)
  6 porcupines
  2 ice beasts
  5 orc warriors
  A black bear (Lair:6)
  An ogre (D:4)
  13 wolves
  A phantom (D:4)
  3 necrophages
  2 boggarts (Lair:6)
  5 crocodiles
  2 centaurs (D:11)
  6 bullfrogs
  2 scorpions
  28 killer bees
  A wight (D:8)
  2 howler monkeys
  An electric eel (Lair:5)
  A lava snake (D:9)
  A bullfrog zombie (D:6)
  2 bullfrog skeletons
  3 hounds
  Crazy Yiuf (D:4)
  2 orc priests
  2 jellies
  A centaur skeleton (D:4)
  A human skeleton (D:3)
  4 iguanas
  6 orc wizards
  3 hell rats (Lair:5)
  14 worker ants
  A hound zombie (D:5)
  A worker ant zombie (D:8)
  12 adders
  A shadow imp (D:5)
  2 adder skeletons
  An adder zombie (D:8)
  3 dart slugs (D:1)
  5 leopard geckos
  21 orcs
  9 giant cockroaches
  7 goblins
  13 hobgoblins
  4 quokkas
  13 bats
  3 frilled lizards
  7 kobolds
  A leopard gecko zombie (D:8)
  A quokka zombie (D:6)
  5 rats
  A fire vortex (D:9)
314 creatures vanquished.

Vanquished Creatures (collateral kills)
  Gastronok (Lair:2)
  A hydra (Lair:2)
  Erica (Lair:1)
  A queen ant (Lair:6)
  Urug (D:9)
  3 spiny frogs
  5 komodo dragons
  4 hornets (Lair:6)
  2 blink frogs (Lair:2)
  2 tyrant leeches (Lair:3)
  4 dream sheep
  2 hippogriffs
  Sigmund (D:6)
  16 yaks
  17 spriggans
  A wraith (D:11)
  3 hungry ghosts
  Eustachio (D:6)
  A fire bat (D:9)
  A vampire mosquito (D:11)
  4 soldier ants
  2 nagas (Lair:2)
  2 swamp worms (Lair:3)
  An acid dragon (D:9)
  6 water moccasins
  A hell hound (D:9)
  A porcupine (Lair:2)
  2 ice beasts (D:9)
  2 orc warriors
  A sky beast (D:10)
  6 black bears
  A necrophage (Lair:4)
  A boggart (Lair:6)
  A phantom (D:10)
  An ogre (D:8)
  14 wolves
  6 crocodiles
  A big kobold (D:10)
  A gnoll sergeant (D:10)
  A bullfrog (D:9)
  A wyvern zombie (D:10)
  A scorpion (D:7)
  2 wights (D:8)
  28 killer bees
  2 howler monkeys (D:9)
  A lava snake (D:9)
  4 crimson imps
  5 orc priests
  3 orc wizards
  3 hell rats (Lair:5)
  13 worker ants
  A hound zombie (D:9)
  An adder zombie (D:9)
  12 orcs
  4 jackals (D:9)
  A quokka (D:9)
  A quokka zombie (D:9)
  2 fungi
208 creatures vanquished.

Vanquished Creatures (others)
  Erolcha (D:10)
  12 fungi
  2 plants (Lair:5)
15 creatures vanquished.

Grand Total: 537 creatures vanquished

Notes
Turn   | Place    | Note
-------+----------+-------------------------------------------
     0 | D:1      | RedPan the Barachi Ice Elementalist began the quest for the Orb.
     0 | D:1      | Reached XP level 1. HP: 13/13 MP: 3/3
   359 | D:1      | Reached XP level 2. HP: 19/19 MP: 1/5
   739 | D:1      | Reached XP level 3. HP: 21/24 MP: 1/7
   880 | D:1      | Learned a level 2 spell: Throw Frost
   884 | D:1      | Learned a level 3 spell: Ozocubu's Armour
  1438 | D:1      | Reached skill level 3 in Dodging
  1558 | D:2      | Found a shattered altar of Ashenzari.
  1586 | D:2      | Found a shimmering altar of Xom.
  1611 | D:2      | Reached XP level 4. HP: 30/30 MP: 4/8
  1936 | D:2      | Reached skill level 1 in Charms
  1982 | D:2      | Found a hazy altar of Hepliaklqana.
  2154 | D:2      | Found a burning altar of Makhleb.
  2302 | D:3      | Reached skill level 1 in Shields
  2432 | D:3      | Noticed Grinder
  2901 | D:3      | Found a faded altar of an unknown god.
  2929 | D:3      | Paralysed by Grinder for 2 turns
  2931 | D:3      | Killed Grinder
  2931 | D:3      | Reached XP level 5. HP: 25/35 MP: 8/10
  2931 | D:3      | Reached XP level 6. HP: 30/41 MP: 8/11
  3048 | D:3      | Found a runed door.
  3048 | D:3      | Found a basalt altar of Yredelemnul.
  3048 | D:3      | Noticed a human
  3300 | D:3      | Killed a human
  3300 | D:3      | Reached skill level 4 in Dodging
  3300 | D:3      | Reached XP level 7. HP: 36/46 MP: 7/12
  4076 | D:4      | Learned a level 4 spell: Throw Icicle
  4081 | D:4      | Learned a level 4 spell: Summon Ice Beast
  4562 | D:4      | Reached skill level 1 in Summonings
  4817 | D:4      | Found a runed door.
  5002 | D:4      | Noticed Crazy Yiuf
  5008 | D:4      | Killed Crazy Yiuf
  5130 | D:5      | Entered Level 5 of the Dungeon
  5265 | D:5      | Reached skill level 5 in Ice Magic
  5265 | D:5      | Reached XP level 8. HP: 47/52 MP: 1/14
  5280 | D:5      | Reached skill level 5 in Dodging
  5415 | D:5      | Found a hide-covered altar of Uskayaw.
  5448 | D:5      | Got a brightly glowing whip
  5704 | D:5      | Found a glowing silver altar of Zin.
  5877 | D:6      | Noticed Sigmund
  6141 | D:6      | Killed Sigmund
  6268 | D:6      | Reached skill level 1 in Fighting
  6432 | D:6      | Got a thick robe
  6463 | D:5      | Reached skill level 5 in Spellcasting
  6499 | D:6      | Noticed Eustachio
  6665 | D:6      | Killed Eustachio
  6767 | D:6      | Reached skill level 1 in Maces & Flails
  7063 | D:6      | Found a staircase to the Ecumenical Temple.
  7072 | Temple   | Entered the Ecumenical Temple
  7589 | D:7      | Reached XP level 9. HP: 62/62 MP: 9/17
  7697 | D:7      | Identified the cursed +1 robe "Ynne" {rF+ rC+ Str+4} (You found it on level 6 of the Dungeon)
  7788 | D:7      | Reached skill level 6 in Dodging
  8003 | D:7      | Identified the +5 whip of Efank {speed, Stlth+} (You found it on level 5 of the Dungeon)
  8886 | D:8      | Learned a level 2 spell: Passwall
  8889 | D:8      | Learned a level 2 spell: Swiftness
  8892 | D:8      | Found an iron altar of Okawaru.
  8892 | D:8      | Found a bloodstained altar of Trog.
  8934 | D:8      | Found a stormy altar of Qazlal.
  8934 | D:8      | Found a radiant altar of Vehumet.
  8934 | D:8      | Found a shadowy altar of Dithmenos.
  8935 | D:8      | Found a basalt altar of Yredelemnul.
  8936 | D:8      | Found an opulent altar of Gozag.
  8937 | D:8      | Found a sacrificial altar of Ru.
  8939 | D:8      | Found a shattered altar of Ashenzari.
  8940 | D:8      | Found a deep blue altar of Sif Muna.
  8943 | D:8      | Became a worshipper of Vehumet
  9018 | D:8      | Noticed a troll
  9032 | D:8      | Killed a troll
  9488 | D:9      | Noticed an obsidian statue
  9495 | D:9      | Noticed a sun demon
  9496 | D:9      | Noticed a red devil
  9555 | D:9      | Reached skill level 7 in Dodging
  9616 | D:9      | Reached * piety under Vehumet
  9616 | D:9      | Offered knowledge of Sting by Vehumet.
  9715 | D:9      | Reached skill level 5 in Fighting
  9756 | D:9      | Reached XP level 10. HP: 62/74 MP: 4/19
  9758 | D:9      | Reached skill level 5 in Conjurations
 10582 | D:9      | Identified the Almanac of the Volcanoes and Intoxication
 10613 | D:10     | Entered Level 10 of the Dungeon
 10648 | D:10     | Noticed Erolcha
 10649 | D:10     | Found a staircase to the Lair.
 10655 | D:10     | Noticed Urug
 10690 | D:10     | Killed Erolcha
 10711 | D:9      | Killed Urug
 11098 | D:10     | Noticed an unseen horror
 11138 | D:10     | Killed an unseen horror
 11496 | D:10     | Reached skill level 8 in Dodging
 11741 | D:10     | Noticed an ogre mage
 11773 | D:10     | Killed an ogre mage
 11795 | D:10     | Noticed a cyclops
 11904 | D:10     | Killed a cyclops
 11916 | D:10     | Reached XP level 11. HP: 47/84 MP: 8/22
 12092 | D:10     | Offered knowledge of Magic Dart by Vehumet.
 12157 | D:10     | Reached ** piety under Vehumet
 12273 | D:10     | Noticed a two-headed ogre
 12280 | D:10     | Noticed an unseen horror
 12280 | D:10     | Noticed an unseen horror
 12350 | D:10     | Killed an unseen horror
 12871 | D:10     | Killed an unseen horror
 13364 | D:11     | Found a staircase to the Orcish Mines.
 13525 | D:11     | Reached skill level 9 in Dodging
 14029 | Lair:1   | Entered Level 1 of the Lair of Beasts
 14111 | Lair:1   | Found a runed door.
 14112 | Lair:1   | Found a shimmering altar of Xom.
 14112 | Lair:1   | Noticed afd's ghost (journeyman GrEE)
 14112 | Lair:1   | Noticed a trident of chaos
 14957 | Lair:1   | Reached skill level 10 in Ice Magic
 15029 | Lair:1   | Noticed Erica
 15076 | Lair:1   | Killed Erica
 15319 | Lair:1   | Reached skill level 1 in Air Magic
 15610 | Lair:1   | Offered knowledge of Inner Flame by Vehumet.
 15806 | Lair:2   | Noticed a five-headed hydra
 15951 | Lair:2   | Reached skill level 5 in Shields
 16253 | Lair:2   | Noticed Gastronok
 16272 | Lair:2   | Killed Gastronok
 16272 | Lair:2   | Reached XP level 12. HP: 77/94 MP: 14/24
 16346 | Lair:2   | Killed a five-headed hydra
 16560 | Lair:2   | Reached *** piety under Vehumet
 16717 | Lair:2   | Found a staircase to the Snake Pit.
 17522 | Lair:3   | Got an encrusted falchion
 17523 | Lair:3   | Identified the +6 falchion of Laceration {slice, rF+ Dex+3 Stlth+} (You found it on level 3 of the Lair of Beasts)
 17555 | Lair:3   | Reached skill level 10 in Dodging
 17557 | Lair:3   | Offered knowledge of Mephitic Cloud by Vehumet.
 17557 | Lair:3   | Reached skill level 1 in Long Blades
 18128 | Lair:3   | Reached **** piety under Vehumet
 18151 | Lair:3   | Offered knowledge of Yara's Violent Unravelling by Vehumet.
 18222 | Lair:3   | Reached skill level 5 in Long Blades
 18802 | Lair:3   | Got a smoking long sword
 19256 | Lair:3   | Found a staircase to the Swamp.
 19565 | Lair:3   | Identified the +8 long sword of Sharkskin {holy, *Rage +Rage Str+3} (You found it on level 3 of the Lair of Beasts)
 20351 | Lair:4   | Found a shimmering altar of Xom.
 20901 | Lair:4   | Identified a scroll of acquirement
 20902 | Lair:4   | Got a polished helmet
 20913 | Lair:4   | Identified the +2 helmet of Freedom {rPois rC- Int+2} (You acquired it on level 4 of the Lair of Beasts)
 21133 | Lair:5   | Reached skill level 10 in Long Blades
 21372 | Lair:5   | Noticed Nessos
 21525 | Lair:5   | HP: 3/95 [Nessos (4)]
 21700 | Lair:5   | Gained mutation: You can hop long distances. [Barachi growth]
 21700 | Lair:5   | Reached XP level 13. HP: 27/101 MP: 26/26
 22146 | Lair:5   | Found a runed door.
 22146 | Lair:5   | Noticed an azure jelly
 22147 | Lair:5   | Found a viscous altar of Jiyva.
 22282 | Lair:6   | Entered Level 6 of the Lair of Beasts
 22488 | Lair:6   | Noticed an entropy weaver
 22493 | Lair:6   | Reached ***** piety under Vehumet
 22505 | Lair:6   | Noticed an entropy weaver
 22509 | Lair:6   | Offered knowledge of Venom Bolt by Vehumet.
 22522 | Lair:5   | Killed an entropy weaver
 23336 | Lair:6   | Killed an entropy weaver
 24017 | Lair:6   | Reached skill level 10 in Fighting
 24535 | Lair:6   | Paralysed by a hornet for 2 turns
 24745 | Lair:6   | Offered knowledge of Poison Arrow by Vehumet.
 24858 | Lair:6   | Reached skill level 10 in Spellcasting
 24924 | Lair:6   | Learned a level 4 spell: Airstrike
 25700 | D:11     | Reached skill level 11 in Dodging
 25749 | D:11     | Shot with an arrow by a centaur

Vault maps used:
D:1:      ebering_hopf_link, hangedman_decor_diamond_cutter,
          corexii_leaking_fountain, minmay_close_crescents
D:2:      lemuel_round_altar, lemuel_round_altar, lemuel_round_altar,
          grunt_ministairs_15, evilmike_ruin_ashenzari
D:3:      chequers_ecumenical_altar_island, dk_yredelemnul_ordeal, uniq_grinder
D:4:      uniq_crazy_yiuf_cottage
D:5:      marbit_many_paths, lemuel_round_altar, first_ration
D:6:      minmay_temple_entry_nine_rooms, uniq_sigmund, uniq_eustachio
D:7:      hangedman_decor_clover_reticule
D:8:      minitemple
D:9:      minmay_statue_hallways, the_bakery, minmay_misc_feat_enclosed,
          minmay_misc_feat_diagonals, hangedman_incinerator
D:10:     minmay_distorted_concentric_squares, minmay_lair_entry_lava,
          kennysheep_doodads, minmay_joined_circles, uniq_erolcha, uniq_urug
D:11:     hangedman_cross_cluster, minmay_misc_feat_more_columns
Temple:   corrupted_temple
Lair:1:   ebering_ghost_xom, minmay_holes, beast_lair_carwin_8, uniq_erica
Lair:2:   guppyfry_snake_entry_island, patterned_corridor, serial_bayou_shore_b,
          grunt_megastairs_5, uniq_gastronok
Lair:3:   wad_woods_minihive, minmay_swamp_entry_worms
Lair:4:   basic_altar, roderic_carrion_pond
Lair:5:   slime_altar_2, infiniplex_staircase_pool, grunt_megastairs_2,
          uniq_nessos
Lair:6:   minmay_lair_end_enchanted_forest, zaba_anthell

Skill      XL: |  1  2  3  4  5  6  7  8  9 10 11 12 13 |
---------------+----------------------------------------+-----
Ice Magic      | 4 5 6 7 9 10 | 10.0
Dodging        | 3 4 5 7 8 9 10 11 | 11.0
Spellcasting   | 3 4 5 6 7 8 9 10 | 10.1
Charms         | 2 3 |  3.1
Shields        | 2 3 4 5 9 |  9.1
Conjurations   | 2 3 4 6 8 |  8.0
Summonings     | 1 3 4 |  4.0
Fighting       | 2 5 7 8 9 10 | 10.5
Maces & Flails | 1 2 |  2.0
Air Magic      | 2 3 |  3.3
Long Blades    | 10 | 10.0
Stealth        | |  1.7

Action                   |  1- 3 |  4- 6 |  7- 9 | 10-12 | 13-15 || total
-------------------------+-------+-------+-------+-------+-------++-------
Melee: Unarmed           |    11 |       |       |       |       ||    11
       Club              |    14 |       |       |       |       ||    14
       Whip              |    11 |    33 |   151 |   276 |       ||   471
       Falchion          |       |       |       |   287 |   383 ||   670
 Cast: Freeze            |    45 |    52 |   127 |       |       ||   224
       Ozocubu's Armour  |       |     3 |       |       |       ||     3
       Summon Ice Beast  |       |       |    62 |   143 |    80 ||   285
       Throw Icicle      |       |       |       |    51 |     7 ||    58
       Swiftness         |       |       |       |     1 |       ||     1
 Abil: Hop               |     1 |       |     3 |     3 |     2 ||     9
Evoke: Wand              |       |     8 |     7 |     2 |     3 ||    20
  Use: Scroll            |     5 |     2 |    17 |    20 |       ||    44
       Potion            |       |       |       |    21 |     1 ||    22
 Stab: Sleeping          |     3 |       |     1 |     5 |     1 ||    10
       Distracted        |       |       |       |     6 |     2 ||     8
  Eat: Chunk             |     3 |     3 |    20 |    31 |    15 ||    72
       Ration            |       |     1 |     5 |     8 |     1 ||    15
Armor: Robe              |    20 |     7 |    48 |   103 |    58 ||   236
       Skin              |       |       |       |     5 |       ||     5
Dodge: Dodged            |    59 |    50 |   191 |   574 |   284 ||  1158
Block: Buckler           |       |    23 |    73 |   234 |   216 ||   546
       Rpst.: Falchion   |       |       |       |   102 |    79 ||   181

Table legend:
 A = Spawn XP
 B = Non-spawn XP
 C = Spawn XP percentage of total XP
 D = Spawn monster count
 E = Non-spawn monster count
 F = Spawn count percentage of total count
 G = Total turns spent on level
                    A         B        C        D         E        F      G
               +---------+---------+-------+---------+---------+-------+---------
         Total |       0 |   51876 |   0.0 |       0 |     520 |   0.0 | 25749
               +---------+---------+-------+---------+---------+-------+---------
           D:1 |       0 |      63 |   0.0 |       0 |      32 |   0.0 |  1515
           D:2 |       0 |      71 |   0.0 |       0 |      20 |   0.0 |  1238
           D:3 |       0 |     573 |   0.0 |       0 |      25 |   0.0 |  1092
           D:4 |       0 |     400 |   0.0 |       0 |      14 |   0.0 |  1285
           D:5 |       0 |     384 |   0.0 |       0 |      16 |   0.0 |  1144
           D:6 |       0 |     636 |   0.0 |       0 |      15 |   0.0 |   976
           D:7 |       0 |     506 |   0.0 |       0 |      11 |   0.0 |   711
           D:8 |       0 |    1057 |   0.0 |       0 |      20 |   0.0 |  1129
           D:9 |       0 |    2606 |   0.0 |       0 |      52 |   0.0 |  2092
          D:10 |       0 |    5560 |   0.0 |       0 |      33 |   0.0 |  2190
          D:11 |       0 |    4419 |   0.0 |       0 |      22 |   0.0 |   786
        Lair:1 |       0 |    4332 |   0.0 |       0 |      20 |   0.0 |  1910
        Lair:2 |       0 |    3352 |   0.0 |       0 |      15 |   0.0 |  1603
        Lair:3 |       0 |    6191 |   0.0 |       0 |      72 |   0.0 |  2341
        Lair:4 |       0 |    1838 |   0.0 |       0 |      14 |   0.0 |  1075
        Lair:5 |       0 |    4961 |   0.0 |       0 |      32 |   0.0 |  1828
        Lair:6 |       0 |   14927 |   0.0 |       0 |     107 |   0.0 |  2790
               +---------+---------+-------+---------+---------+-------+---------
